 Dungeon Sprint DCSS version 0.19-a0-1886-gd64a0f0 (webtiles) character file.

203 Phlogiston the Skirmisher (level 5, -20/51 HPs)
             Began as a Centaur Fighter on Oct 16, 2016.
             Was an Initiate of Makhleb.
             Demolished by a hill giant
             ... wielding a +0 giant spiked club
              (24 damage)
             ... in the Dungeon (Sprint IX: "|||||||||||||||||||||||||||||").
             The game lasted 00:01:35 (192 turns).

Phlogiston the Skirmisher (Centaur Fighter)          Turns: 192, Time: 00:01:36

Health: -20/51     AC: 12    Str: 25    XL:     5   Next: 51%
Magic:  5/5        EV:  5    Int:  7    God:    Makhleb [......]
Gold:   0          SH: 10    Dex: 11    Spells: 0 memorised, 4 levels left

rFire  . . .     SeeInvis .     (no weapon)
rCold  . . .     Gourm    .     s - +1 chain mail
rNeg   . . .     Faith    .     c - +0 shield
rPois  .         Spirit   .     p - +0 helmet
rElec  .         Dismiss  .     (no cloak)
rCorr  .         Reflect  .     (no gloves)
MR     .....     Harm     .     (no barding)
Stlth  .......... NoTele   +    (no amulet)
                                r - +3 ring of dexterity
                                t - +2 ring of protection

@: mighty, very quick
A: hooves 3, deformed body, speed 2, tough skin 3
a: Renounce Religion


You were in the Dungeon.
You worshipped Makhleb.
Makhleb was noncommittal.
You were not hungry.

You visited 1 branch

Inventory:

Hand Weapons
 o - a +2 halberd of protection
Armour
 c - a +0 shield (worn)
 p - a +0 helmet (worn)
 s - a +1 chain mail (worn)
Jewellery
 r - a +3 ring of dexterity (right hand)
 t - a +2 ring of protection (left hand)
Wands
 n - a wand of lightning (7/15)
Scrolls
 k - 2 scrolls of blinking
 l - 3 scrolls of remove curse
 m - 2 scrolls of amnesia
Potions
 e - 5 potions of curing
 g - 3 potions of heal wounds
 h - a potion of haste
 i - 4 potions of magic
 j - a potion of invisibility
Comestibles
 f - a bread ration


   Skills:
 + Level 6.7 Fighting
 * Level 5.2 Polearms
 + Level 4.8 Armour
 + Level 5.0 Shields


You had 4 spell levels left.
You didn't know any spells.

Dungeon Overview and Level Annotations

Branches:
Dungeon (1/1)

Altars:
Cheibriados
Dithmenos
Elyvilon
Fedhas
Gozag
Hepliaklqana
Kikubaaqudgha
Makhleb
Nemelex Xobeh
Okawaru
Qazlal
Ru
Sif Muna
Trog
Uskayaw
Vehumet
Xom
Yredelemnul
Zin
The Shining One
Beogh
Jiyva
Lugonu


Innate Abilities, Weirdness & Mutations

You have hooves in place of feet.
Armour fits poorly on your strangely shaped body.
You cover ground very quickly.
You have extremely tough skin. (AC +3)


Message History

The hill giant barely misses you.
You hit the hill giant. You kick the hill giant!
The hill giant is moderately wounded.
The hill giant hits you with a giant spiked club!!
You hit the hill giant.
The hill giant is moderately wounded.
Your shield and chain mail prevent you from hitting the hill giant.
Your kick misses the hill giant.
The hill giant is moderately wounded.
The hill giant completely misses you.
You hit the hill giant.
You kick the hill giant, but do no damage.
The hill giant is heavily wounded.
The hill giant hits you with a giant spiked club!!
Ouch! That really hurt!
* * * LOW HITPOINT WARNING * * *
You punch the hill giant! You kick the hill giant!
The hill giant is almost dead.
The hill giant hits you with a giant spiked club!!
You die... ▓▓▓▓▓▓▓▓▓▓▓▓▓▓▓▓▓▓▓▓▓▓▓▓ ______.'..|)....@ChhZ5.. ▓▓▓▓▓▓▓▓▓▓▓▓▓▓▓▓▓▓▓▓▓▓▓▓

You could see a hill giant, 2 hounds, a quasit and a ball python skeleton.

Vanquished Creatures
  2 ogres (D)
  A worker ant (D)
  A leopard gecko (D)
  2 orcs (D)
  A goblin (D)
  A hobgoblin (D)
  A quokka zombie (D)
  2 rats (D)
11 creatures vanquished.

Notes
Turn   | Place    | Note
-------+----------+-------------------------------------------
     0 | D        | Phlogiston the Centaur Fighter began the quest for the Orb.
     0 | D        | Reached XP level 1. HP: 19/19 MP: 1/1
    24 | D        | Noticed an ogre
    24 | D        | Noticed an ogre
    24 | D        | Noticed a worker ant
    28 | D        | Reached XP level 2. HP: 27/27 MP: 2/2
    31 | D        | Killed an ogre
    31 | D        | Reached skill level 5 in Fighting
    31 | D        | Reached XP level 3. HP: 36/36 MP: 3/3
    31 | D        | Reached XP level 4. HP: 42/42 MP: 4/4
    38 | D        | Killed an ogre
    38 | D        | Reached skill level 6 in Fighting
    38 | D        | Reached skill level 5 in Polearms
    38 | D        | Reached XP level 5. HP: 42/51 MP: 5/5
    39 | D        | Reached skill level 5 in Shields
    46 | D        | Found a roughly hewn altar of Beogh.
    46 | D        | Found a snail-covered altar of Cheibriados.
    46 | D        | Found a shadowy altar of Dithmenos.
    46 | D        | Found a white marble altar of Elyvilon.
    46 | D        | Found a blossoming altar of Fedhas.
    46 | D        | Found an opulent altar of Gozag.
    47 | D        | Found a hazy altar of Hepliaklqana.
    48 | D        | Found a viscous altar of Jiyva.
    49 | D        | Found an ancient bone altar of Kikubaaqudgha.
    50 | D        | Found a corrupted altar of Lugonu.
    51 | D        | Found a burning altar of Makhleb.
    52 | D        | Found a sparkling altar of Nemelex Xobeh.
    53 | D        | Found an iron altar of Okawaru.
    54 | D        | Found a stormy altar of Qazlal.
    55 | D        | Found a sacrificial altar of Ru.
    56 | D        | Found a deep blue altar of Sif Muna.
    57 | D        | Found a bloodstained altar of Trog.
    58 | D        | Found a hide-covered altar of Uskayaw.
    59 | D        | Found a radiant altar of Vehumet.
    60 | D        | Found a shimmering altar of Xom.
    61 | D        | Found a basalt altar of Yredelemnul.
    62 | D        | Found a glowing silver altar of Zin.
    67 | D        | Became a worshipper of Makhleb the Destroyer
    72 | D        | Found a glowing golden altar of the Shining One.
   178 | D        | Noticed a hill giant
   192 | D        | Demolished by a hill giant

Vault maps used:
D:        linesprint

Skill      XL: |  1  2  3  4  5 |
---------------+----------------+-----
Polearms       | 2 4 5 |  5.2
Fighting       | 5 6 |  6.7
Armour         | 3 4 |  4.8
Shields        | 4 5 |  5.0

Action                   |  1- 3 |  4- 6 || total
-------------------------+-------+-------++-------
Melee: Trident           |    20 |     8 ||    28
       Kick              |     6 |     8 ||    14
       Unarmed           |       |    13 ||    13
  Use: Potion            |     1 |     1 ||     2
Armor: Scale mail        |     6 |       ||     6
       Chain mail        |       |     2 ||     2
Dodge: Dodged            |     4 |     2 ||     6
Block: Shield            |     3 |     5 ||     8
